 Dungeon Crawl Stone Soup version 0.17.0-28-g6e173f8 (webtiles) character file.

273 homeworkjunkie the Covert (level 6, -2/30 HPs)
             Began as a Spriggan Assassin on Nov 24, 2015.
             Shot with an arrow by a centaur (13 damage)
             ... on level 4 of the Dungeon.
             The game lasted 00:03:26 (1998 turns).

homeworkjunkie the Covert (Spriggan Assassin)       Turns: 1998, Time: 00:03:27

Health: -2/30      AC:  5    Str:  7    XL:     6   Next: 2%
Magic:  7/7        EV: 19    Int: 12    God:
Gold:   111        SH:  0    Dex: 20    Spells: 0 memorised, 5 levels left

rFire  x . .     SeeInvis +     b - +0 blowgun
rCold  + . .     Clarity  .     c - +0 robe
rNeg   . . .     SustAt   +     (shield restricted)
rPois  .         Gourm    .     (helmet restricted)
rElec  .         Spirit   .     d - +2 cloak
rCorr  .         Warding  .     (gloves unavailable)
rMut   .         Stasis   .     (boots unavailable)
MR     +....                    (no amulet)
Stlth  +++++.....               p - ring of sustain attributes
                                n - ring of ice

@: very quick, somewhat resistant to hostile enchantments, quite stealthy
A: unfitting armour, see invisible, herbivore 3, speed 3, slow metabolism 2
a: no special abilities


You were on level 4 of the Dungeon.
You were not hungry.

You visited 1 branch of the dungeon, and saw 4 of its levels.

You collected 111 gold pieces.

Inventory:

Hand Weapons
 a - a +4 dagger
 b - a +0 blowgun (weapon)
 q - a +0 hunting sling
Missiles
 e - 22 poisoned needles (quivered)
 f - 2 curare-tipped needles
Armour
 c - a +0 robe (worn)
 d - a +2 cloak (worn)
Jewellery
 n - a ring of ice (left hand)
 p - a ring of sustain attributes (right hand)
Scrolls
 h - 2 scrolls of immolation
 k - a scroll of magic mapping {unknown}
 l - a scroll of remove curse {unknown}
 u - 2 scrolls of identify
Potions
 i - 2 potions of curing
 j - a potion of heal wounds {unknown}
 m - a potion of lignification {unknown}
 s - a potion of flight {unknown}
 t - 2 potions of agility {unknown}
Comestibles
 g - 3 bread rations
 o - a slice of pizza
 r - 18 fruits


   Skills:
 * Level 2.1 Fighting
 * Level 3.7 Short Blades
 * Level 0.2(2.0) Slings
 * Level 2.6(2.7) Throwing
 * Level 3.0 Dodging
 * Level 8.9 Stealth


You had 5 spell levels left.
You didn't know any spells.

Dungeon Overview and Level Annotations

Branches:
Dungeon (4/15)
 Temple: D:4-7

Altars:
Ashenzari
Gozag


Innate Abilities, Weirdness & Mutations

You are tiny and cannot use many weapons and most armour.
You have supernaturally acute eyesight.
You are a herbivore.
You cover ground extremely quickly.
You need consume almost no food.


Message History

The poisoned needle barely misses the centaur.
The centaur unwields an uncursed shortbow.
The centaur hits you!
Firing (i - inventory. (,) - cycle):
e - 24 poisoned needles (quivered)
Press: ? - help, Shift-Dir - straight line, f/p - centaur
Aim: a centaur (moderately wounded)
You shoot a poisoned needle. The poisoned needle hits the centaur!
The centaur is poisoned.
The centaur is moderately wounded.
The centaur closely misses you.
Firing (i - inventory. (,) - cycle):
e - 23 poisoned needles (quivered)
Press: ? - help, Shift-Dir - straight line, f/p - centaur
Aim: a centaur (moderately wounded, poisoned)
You shoot a poisoned needle. The poisoned needle hits the centaur.
The centaur looks even sicker.
The centaur is moderately wounded.
The centaur completely misses you.
The centaur wields an uncursed shortbow.
The centaur shoots an arrow.
The arrow hits you!
You die...

.........## #+#
##. ####...# +.+
#. #.#.## ##.##
##.
###.#..###.#.###..
..#.##.....#......
#.#.#####.###..###
#[#.# #......#
####.#.## #.###..#
#(c(@...# ..# #.##
#.#####....... ..#
#. .########## #.
.. #. .## #. .# #.
.# ##


You could see a centaur.

Vanquished Creatures
  Sigmund (D:3)
  A hound (D:4)
  4 adders
  An ooze (D:1)
  2 worms (D:2)
  4 bats
  8 hobgoblins
  A quokka (D:2)
  3 giant geckos
  A giant newt (D:1)
  2 goblins (D:1)
  4 jackals (D:1)
  3 kobolds (D:1)
  4 rats
39 creatures vanquished.

Notes
Turn   | Place    | Note
--------------------------------------------------------------
     0 | D:1      | homeworkjunkie the Spriggan Assassin began the quest for the Orb.
     0 | D:1      | Reached XP level 1. HP: 10/10 MP: 2/2
    38 | D:2      | Reached skill level 6 in Stealth
   190 | D:2      | Reached XP level 2. HP: 13/15 MP: 3/3
   585 | D:1      | Reached XP level 3. HP: 14/18 MP: 4/4
   651 | D:1      | Found a shattered altar of Ashenzari.
  1208 | D:2      | Reached skill level 7 in Stealth
  1208 | D:2      | Reached XP level 4. HP: 23/23 MP: 5/5
  1872 | D:3      | Noticed Sigmund
  1878 | D:3      | Killed Sigmund
  1878 | D:3      | Reached skill level 8 in Stealth
  1878 | D:3      | Reached XP level 5. HP: 26/26 MP: 6/6
  1879 | D:3      | Found an opulent altar of Gozag.
  1955 | D:4      | Reached XP level 6. HP: 25/30 MP: 7/7
  1979 | D:4      | Noticed a centaur
  1998 | D:4      | Shot with an arrow by a centaur

Action                   |  1- 3 |  4- 6 || total
-------------------------+-------+-------++-------
Melee: Dagger            |    78 |    29 ||   107
 Fire: Blowgun           |       |     3 ||     3
  Use: Scroll            |     6 |       ||     6
 Stab: Sleeping          |    19 |     4 ||    23
